 Dungeon Crawl Stone Soup version 0.30-a0-719-gcc4359ea44 (webtiles) character file.

Game seed: 9163366052234062711

1056 kae the Changer (level 8, -4/64 HPs)
             Began as a Demonspawn Transmuter on Jan 26, 2023.
             Slain by Edmund
             ... wielding a +1 dire flail of holy wrath
              (8 damage)
             ... on level 5 of the Dungeon.
             The game lasted 00:04:48 (3495 turns).

kae the Changer (Demonspawn Transmuter)             Turns: 3495, Time: 00:04:49

Health: -4/64      AC:  7    Str:  8 (10) XL:     8   Next: 6%
Magic:  14/14      EV: 10    Int: 16 (17) God:
Gold:   237        SH:  0    Dex: 12 (14) Spells: 5/15 levels left

rFire   x . .      SeeInvis .      - Unarmed
rCold   + + +      Faith    .    (shield currently unavailable)
rNeg    . . .      Spirit   .    (body armour currently unavailable)
rPois   +          Reflect  .    (helmet currently unavailable)
rElec   .          Harm     .    (cloak currently unavailable)
rCorr   +          Rampage  .    (gloves currently unavailable)
Will    .....                    (boots currently unavailable)
Stlth   +                        g - amulet of regeneration
HPRegen 1.10/turn                L - ring of flight
MPRegen 0.14/turn                R - ring of resist corrosion

@: confused, mighty, ice-form, ambrosia-drunk, flying
A: freezing attack, amphibious, boosted hp, large, (horns 2), powered by pain 1,
(sharp scales 2)
a: End Transformation


You were on level 5 of the Dungeon.
You were a creature of crystalline ice.
You visited 1 branch of the dungeon, and saw 5 of its levels.

You collected 237 gold pieces.


Innate Abilities, Weirdness & Mutations

You are a creature of crystalline ice.
You have a powerful freezing melee attack.
You are amphibious.
Your maximum health is increased.
Your armour is entirely melded.
You are incapable of wielding weapons or throwing items.
((You have a pair of horns on your head.))
You sometimes gain a little power by taking damage.
((You are mostly covered in razor-sharp scales. (AC +2, Slay +2)))


   Skills:
 - Level 1.0 Fighting
 - Level 1.7 Dodging
 + Level 4.4 Unarmed Combat
 + Level 4.0 Spellcasting
 * Level 5.5 Transmutations
 * Level 3.6 Ice Magic
 - Level 2.0 Poison Magic


You had 5 spell levels left.
You knew the following spells:

 Your Spells              Type           Power      Damage    Failure   Level
a - Beastly Appendage     Tmut           42%        N/A       1%          1
b - Wereblood             Tmut           21%        N/A       2%          2
c - Spider Form           Tmut/Pois      15%        N/A       11%         3
d - Ice Form              Ice/Tmut       18%        N/A       26%         4

Your spell library contained the following spells:

 Spells                   Type           Power      Damage    Failure   Level
 Passwall                 Tmut/Erth      10%        N/A       9%          2
 Ozocubu's Armour         Ice            14%        N/A       11%         3
 Apportation              Tloc           6%         N/A       17%         1
 Kiss of Death            Conj/Necr      12%        2d6       17%         1
 Magic Dart               Conj           12%        1d3       17%         1
 Necrotise                Necr           12%        1d4       17%         1
 Sandblast                Erth           6%         2d5       17%         1
 Summon Small Mammal      Summ           12%        N/A       17%         1
 Call Imp                 Summ           3%         N/A       26%         2
 Mephitic Cloud           Conj/Pois/Air  5%         N/A       36%         3
 Confusing Touch          Hex            3%         N/A       45%         3
 Stone Arrow              Conj/Erth      6%         3d7       45%         3
 Summon Guardian Golem    Hex/Summ       3%         N/A       45%         3
 Dispel Undead            Necr           3%         3d7       86%         4
 Metabolic Englaciation   Hex/Ice        4%         N/A       91%         5
 Simulacrum               Ice/Necr       4%         N/A       100%        6
 Orb of Destruction       Conj           1%         9d5       100%        7
 Spellforged Servitor     Conj/Summ      1%         N/A       100%        7

Inventory:

Missiles
 c - 36 stones
 n - a throwing net {=f!f}
Armour
 a - a +0 robe (melded)
 m - a +2 cloak (melded)
   (You took it off Crazy Yiuf on level 2 of the Dungeon)
Jewellery
 g - an amulet of regeneration (around neck)
   (You found it on level 1 of the Dungeon)
 L - a ring of flight (left front paw)
   (You found it on level 1 of the Dungeon)
 R - a ring of resist corrosion (right front paw)
   (You found it on level 1 of the Dungeon)
Wands
 r - a wand of mindburst (12)
   (You found it on level 4 of the Dungeon)
Scrolls
 d - a scroll of enchant armour
 e - a scroll of teleportation {@r4}
 h - a scroll of enchant weapon
 q - a scroll of brand weapon {unknown}
 t - a scroll of blinking {unknown}
 u - a scroll of fear {unknown}
Potions
 b - 2 potions of lignification {!q}
 f - a potion of brilliance {unknown}
 i - 2 potions of might
 j - 3 potions of curing {unknown}
 k - a potion of heal wounds {unknown}
 l - a potion of flight {unknown}
 o - a potion of resistance
 p - a potion of degeneration {!q}

Dungeon Overview and Level Annotations

Branches:
Dungeon (5/15) Zot: 26526
 Temple: D:4-7

Altars:

Annotations:
D:5 Edmund

.....##. #..
####.......(..#
#..#.......#..##
..........##...#
.............#
.##...........##
..:............#
#.......<...##..#
#...@Y.#........#
##.....#.......##
......)..........#
##.##..##........#
.. ##. #..........
. .. ............
..##.#.......##!
### #.#........


You could see Edmund.


Message History

Casting: Spider Form (dangerous; 11% risk of failure)
Confirm with . or Enter, or press ? or * to list all spells.
The spell is quite dangerous to miscast (26% risk of failure)!
Continue anyway? [Y]es or [N]o only, please.
The spell is quite dangerous to miscast (26% risk of failure)!
Continue anyway?
You turn into a creature of crystalline ice.
Your +2 cloak melds into your body.
Your +0 robe melds into your body.
The white imp shouts, "Run away, thou venomed mumble-news strumpet!" 😎 HP[+9] MP[-4]
You now have 57 max hp (+9).
Your hp is fully restored (57).
You lost 4 mp, and now have 9/13 mp.
The necrophage barely misses you.
You barely miss the necrophage. You barely miss the necrophage.
The necrophage hits you but does no damage.
Unknown command.
You barely miss the necrophage. The necrophage hits you. 😕 HP[-1]
You take 1 damage, and now have 56/57 hp.
You hit the necrophage.
The white imp hits you but does no damage.
The necrophage closely misses you. 😎 HP[+1]
Your hp is fully restored (57).
Unknown command.
You hit the necrophage but do no damage.
The necrophage closely misses you. The white imp gestures at you.
The puff of frost misses you.
You hit the necrophage but do no damage.
The white imp hits you but does no damage.
The necrophage closely misses you.
Unknown command.
You punch the necrophage! You freeze the necrophage.
The white imp closely misses you.
The necrophage closely misses you. 😎 MP[+1]
You punch the necrophage!
You destroy the necrophage!
The white imp barely misses you.
You have reached level 8!
You feel clever. 😎 HP[+7]
You now have 64 max hp (+7).
Your hp is fully restored (64).
You punch the white imp!
The white imp hits you but does no damage.
You hit the white imp but do no damage. The white imp barely misses you.
Unknown command.
You hit the white imp. The white imp misses you.
You punch the white imp!
You kill the white imp!
Unknown command. 😎 MP[+1] Edmund shouts!
Edmund closely misses you.
You hit Edmund. You freeze Edmund.
Edmund hits you with a +1 dire flail of holy wrath.
You convulse. 😕 HP[-2]
You take 2 damage, and now have 62/64 hp.
You barely miss Edmund.
Edmund hits you with a +1 dire flail of holy wrath!
You convulse. 😕 HP[-11]
You take 11 damage, and now have 51/64 hp.
You punch Edmund! You freeze Edmund.
Edmund hits you with a +1 dire flail of holy wrath!
You convulse!
* * * LOW HITPOINT WARNING * * *
You barely miss Edmund. Edmund barely misses you. 😨 HP[-20]
You take 20 damage, and now have 31/64 hp.
MASSIVE DAMAGE!! (PAUSE)
You hit Edmund but do no damage.
Edmund hits you with a +1 dire flail of holy wrath!
* * * LOW HITPOINT WARNING * * *
You convulse!
* * * LOW HITPOINT WARNING * * *
You focus on the pain.
You feel very mighty all of a sudden. 😱 HP[-23] MP[+1]
You take 23 damage, and now have 8/64 hp.
MASSIVE DAMAGE!! (PAUSE)
Okay, then.
It was a potion of degeneration.
There was something very wrong with that liquid.
You feel weakened.
You feel dopey.
You feel clumsy.
Edmund closely misses you. 😱 HP[+1] It was a potion of ambrosia.
You are confused.
You feel invigorated.
Edmund barely misses you. 😱 HP[+5] MP[+2]
You regained 5 hp, and now have 14/64 hp.
Your mp is fully restored (14).
Unknown command.
Edmund attacks as you move away!
Edmund hits you with a +1 dire flail of holy wrath!
* * * LOW HITPOINT WARNING * * *
You convulse!
You die...

Skill      XL: |  1  2  3  4  5  6  7 |
---------------+----------------------+-----
Transmutations | 2 3 4 5 |  5.5
Unarmed Combat | 3 4 |  4.4
Poison Magic   | 1 2 |  2.0
Spellcasting   | 3 4 |  4.0
Ice Magic      | 2 3 |  3.6
Fighting       | |  1.0
Dodging        | |  1.7

Action                     |  1- 3 |  4- 6 |  7- 9 || total
---------------------------+-------+-------+-------++-------
  Melee: Unarmed           |   117 |   137 |    63 ||   317
         Kick              |    23 |     2 |       ||    25
         Headbutt          |    10 |    12 |       ||    22
         Punch             |     3 |     3 |       ||     6
   Cast: Beastly Appendage |    20 |     3 |       ||    23
         Spider Form       |     3 |    16 |     5 ||    24
         Wereblood         |       |     4 |     1 ||     5
         Ice Form          |       |     1 |     4 ||     5
    Use: Scroll            |     5 |     5 |       ||    10
         Potion            |       |       |     2 ||     2
   Stab: Sleeping          |     1 |       |       ||     1
 Armour: Robe              |    21 |     8 |       ||    29
         Skin              |     4 |     5 |    19 ||    28
  Dodge: Dodged            |    95 |    95 |    40 ||   230

Levels and vault maps discovered:
D:1:      dpeg_arrival_signposts, layout_basic
D:2:      layout_basic, uniq_crazy_yiuf_cottage, uniq_sigmund
D:3:      layout_rooms, shapermc_ecumenical_altar_flowoftime
D:4:      layout_loops_corners, uniq_grinder, uniq_menkaure, uniq_robin
D:5:      layout_cave_pools, trog_ov_bears_minmay, uniq_edmund

Notes
Turn   | Place    | Note
-------+----------+-------------------------------------------
     0 | D:1      | kae the Demonspawn Transmuter began the quest for the Orb.
     0 | D:1      | Reached XP level 1. HP: 15/15 MP: 3/3
     0 | D:1      | magus.rc [v1.11.3]
    92 | D:1      | You pick up a book of Changes and begin reading...
   125 | D:1      | Reached skill level 2 in Transmutations
   163 | D:1      | Gained mutation: You sometimes gain a little power by
                  | taking damage. [demonic ancestry]
   163 | D:1      | Reached XP level 2. HP: 16/21 MP: 3/5
   226 | D:1      | You pick up a book of Geomancy and begin reading...
   226 | D:1      | You add the spells Sandblast, Passwall and Stone Arrow to
                  | your library.
   419 | D:1      | HP: 5/21 [hobgoblin (2)]
   569 | D:1      | Reached skill level 3 in Unarmed Combat
   578 | D:1      | Reached XP level 3. HP: 16/26 MP: 6/6
   581 | D:1      | Learned a level 2 spell: Wereblood
   585 | D:1      | Learned a level 3 spell: Spider Form
  1077 | D:2      | You pick up a book of Minor Magic and begin reading...
  1077 | D:2      | You add the spells Magic Dart, Call Imp and Mephitic Cloud
                  | to your library.
  1134 | D:2      | Reached skill level 3 in Transmutations
  1134 | D:2      | Reached skill level 1 in Poison Magic
  1134 | D:2      | Gained mutation: You are partially covered in razor-sharp
                  | scales. (AC +1, Slay +1) [demonic ancestry]
  1134 | D:2      | Reached XP level 4. HP: 26/32 MP: 2/7
  1167 | D:2      | Noticed Sigmund
  1222 | D:2      | Killed Sigmund
  1223 | D:2      | Reached skill level 4 in Transmutations
  1223 | D:2      | Reached skill level 2 in Poison Magic
  1223 | D:2      | Gained mutation: You are mostly covered in razor-sharp
                  | scales. (AC +2, Slay +2) [demonic ancestry]
  1223 | D:2      | Reached XP level 5. HP: 27/37 MP: 2/9
  1309 | D:2      | Reached skill level 3 in Spellcasting
  1323 | D:2      | Learned a level 4 spell: Ice Form
  1412 | D:2      | Found a runed translucent door.
  1413 | D:2      | Noticed Crazy Yiuf
  1423 | D:2      | Killed Crazy Yiuf
  1451 | D:3      | Mutation became permanent: You have a pair of small horns
                  | on your head. [demonic ancestry]
  1451 | D:3      | Gained mutation: You have a pair of horns on your head.
                  | [demonic ancestry]
  1451 | D:3      | Reached XP level 6. HP: 43/43 MP: 8/10
  1578 | D:3      | Reached skill level 1 in Ice Magic
  1635 | D:3      | You pick up a book of Winter and begin reading...
  1635 | D:3      | You add the spells Ozocubu's Armour, Metabolic Englaciation
                  | and Simulacrum to your library.
  1730 | D:3      | Identified the +5 mace "Heuvoh" {flame, rElec Stlth+}
  1878 | D:3      | You pick up a book of Touch and begin reading...
  1878 | D:3      | You add the spells Kiss of Death, Confusing Touch and
                  | Dispel Undead to your library.
  1951 | D:3      | Found a faded altar of an unknown god.
  2038 | D:3      | You pick up a book of Dangerous Friends and begin
                  | reading...
  2038 | D:3      | You add the spells Summon Guardian Golem, Orb of
                  | Destruction and Spellforged Servitor to your library.
  2508 | D:4      | You pick up a book of Cantrips and begin reading...
  2508 | D:4      | You add the spells Necrotise, Summon Small Mammal and
                  | Apportation to your library.
  2657 | D:4      | Noticed Menkaure
  2691 | D:4      | HP: 10/51 [Menkaure (17)]
  2694 | D:4      | Killed Menkaure
  2695 | D:4      | Reached skill level 2 in Ice Magic
  2695 | D:4      | Gained mutation: You have a pair of horns on your head.
                  | [demonic ancestry]
  2695 | D:4      | Reached XP level 7. HP: 16/48 MP: 12/12
  2808 | D:4      | Noticed Grinder
  2815 | D:4      | Paralysed by Grinder for 3 turns
  2831 | D:4      | Killed Grinder
  2832 | D:4      | Reached skill level 4 in Unarmed Combat
  2832 | D:4      | Reached skill level 5 in Transmutations
  2873 | D:4      | Reached skill level 3 in Ice Magic
  3029 | D:4      | Noticed Robin
  3054 | D:4      | Killed Robin
  3103 | D:4      | HP: 12/57 [ogre/+0 giant club (33)]
  3105 | D:4      | Reached skill level 4 in Spellcasting
  3467 | D:5      | Entered Level 5 of the Dungeon
  3467 | D:5      | Noticed Edmund
  3479 | D:5      | Reached XP level 8. HP: 54/54 MP: 10/14
  3492 | D:5      | HP: 8/64 [Edmund/+1 dire flail of holy wrath (12)]
  3495 | D:5      | Slain by Edmund

Vanquished Creatures
  Grinder (D:4)
  Sigmund (D:2)
  Menkaure (D:4)
  An ogre (D:4)
  2 bullfrogs (D:4)
  A necrophage (D:5)
  A hound (D:4)
  An orc priest (D:4)
  Crazy Yiuf (D:2)
  2 orc wizards (D:3)
  Robin (D:4)
  4 adders
  A white imp (D:5)
  2 ufetubi
  3 dart slugs
  11 orcs
  11 ball pythons
  4 endoplasms
  A giant cockroach (D:2)
  10 goblins
  14 hobgoblins
  5 jackals (D:1)
  7 kobolds
  4 quokkas
  8 bats
  2 frilled lizards
  9 rats
109 creatures vanquished.

Vanquished Creatures (others)
  4 plants (D:3)
  2 withered plants (D:3)
6 creatures vanquished.

Grand Total: 115 creatures vanquished

Table legend:
 A = Non-vault XP
 B = Vault XP
 C = Vault XP percentage of total XP
 D = Non-vault monster count
 E = Vault monster count
 F = Vault count percentage of total count
                 A         B        C        D         E       F
            +---------+---------+-------+---------+---------+-------
      Total |     759 |     750 |  49.7 |      93 |      16 |  14.7
            +---------+---------+-------+---------+---------+-------
        D:1 |      51 |       0 |   0.0 |      29 |       0 |   0.0
        D:2 |      57 |     270 |  82.6 |      21 |       2 |   8.7
        D:3 |     135 |       0 |   0.0 |      25 |       0 |   0.0
        D:4 |     421 |     480 |  53.3 |      16 |      14 |  46.7
        D:5 |      95 |       0 |   0.0 |       2 |       0 |   0.0
            +---------+---------+-------+---------+---------+-------

Illustrated notes

Table legend:
 A = Kills in this place as a percentage of kills in entire the game.
 B = Kills by you in this place as a percentage of kills by you in the entire game.
 C = Kills by friends in this place as a percentage of kills by friends in the entire game.
 D = Other kills in this place as a percentage of other kills in the entire game.
 E = Experience gained in this place as a percentage of experience gained in the entire game.
 F = Experience gained in this place divided by the number of levels of this place that you have seen.
                   A       B       C       D       E      F
               +-------+-------+-------+-------+-------+----------------------
         Total | 100.0 | 100.0 |   N/A |   N/A | 100.0 | 301.8
       Dungeon | 100.0 | 100.0 |   N/A |   N/A | 100.0 | 301.8
               +-------+-------+-------+-------+-------+----------------------

Table legend: (Time is in decaauts)
 A = Elapsed time spent in this place.
 B = Non-inter-level travel time spent in this place.
 C = Inter-level travel time spent in this place.
 D = Time resting spent in this place.
 E = Time spent auto-exploring this place.
 F = Levels seen in this place.
 G = Mean time per level.
                   A        B        C        D        E       F      G
               +--------+--------+--------+--------+--------+-----+--------+
         Total |   3473 |   3426 |     47 |     43 |   2579 |   5 |  694.6 |
       Dungeon |   3473 |   3426 |     47 |     43 |   2579 |   5 |  694.6 |
               +--------+--------+--------+--------+--------+-----+--------+

Top non-repeatable levels by time:
     D:4: 1239 daAuts
     D:1: 941 daAuts
     D:3: 769 daAuts
     D:2: 496 daAuts
     D:5: 26 daAuts
